 Dungeon Crawl Stone Soup version 0.32-a0-913-g739538a (webtiles) character file.

Game seed: 12819174696991795791

986 catclaw the Chopper (level 7, -6/61 HPs)
             Began as a Mountain Dwarf Fighter on Apr 7, 2024.
             Mangled by an orc priest
             ... wielding a +2 dagger of electrocution
              (20 damage)
             ... on level 4 of the Dungeon.
             The game lasted 00:08:01 (2346 turns).

catclaw the Chopper (Mountain Dwarf Fighter)        Turns: 2346, Time: 00:08:02

Health: -6/61      AC:  9    Str: 21    XL:     7   Next: 97%
Magic:  7/7        EV:  7    Int:  8    God:
Gold:   203        SH:  9    Dex:  9    Spells: 6/6 levels left

rFire   . . .        a - +0 war axe
rCold   + . .        c - +0 buckler
rNeg    . . .        i - +0 chain mail
rPois   .            (no helmet)
rElec   .            p - scarf {+Inv}
rCorr   .            (no gloves)
SInv    .            (no boots)
Will    .....        w - amulet of reflection Stlth
                     n - ring of protection from cold
HPRegen 0.30/turn    (no ring)
MPRegen 0.10/turn

%: reflection
@: no status effects
A: runic magic, artefact enchanting
a: Convert to Beogh, Evoke Invisibility


You were on level 4 of the Dungeon.
You visited 1 branch of the dungeon, and saw 5 of its levels.
You also visited: Sewer.

You collected 203 gold pieces.

Inventory:

Hand Weapons
 a - a +0 war axe (weapon)
 u - a +1 heavy trident
 v - a +2 flail of holy wrath
Missiles
 t - 3 javelins
 y - 4 poisoned darts (quivered)
Armour
 c - a +0 buckler (worn)
 i - a +0 chain mail (worn)
 p - a scarf of invisibility (worn)
Jewellery
 n - a ring of protection from cold (left hand)
 w - an amulet of reflection (around neck)
Wands
 x - a wand of flame (25)
Scrolls
 b - 2 scrolls of fear
 f - 2 scrolls of amnesia {unknown}
 g - a scroll of immolation {unknown}
 h - a scroll of blinking {unknown}
 j - a scroll of brand weapon {unknown}
 l - a scroll of vulnerability {unknown}
 m - 3 scrolls of teleportation {unknown}
 q - a scroll of summoning {unknown}
 s - a scroll of enchant armour {unknown}
Potions
 d - a potion of might
 e - 3 potions of heal wounds {unknown}
 k - 2 potions of curing {unknown}
 o - 3 potions of mutation {unknown}
 r - 6 potions of haste {unknown}


   Skills:
 + Level 5.5 Fighting
 * Level 7.4 Axes
 + Level 5.4 Armour
 + Level 5.5 Shields


You had 6 spell levels left.
You didn't know any spells.
Your spell library contained the following spells:

 Spells                   Type           Power      Damage    Failure   Level
 Sting                    Conj/Alch      0%         1d3       63%         1
 Mercury Vapours          Alch/Air       0%         N/A       77%         2
 Olgreb's Toxic Radiance  Alch           0%         N/A       100%        4


Dungeon Overview and Level Annotations

Branches:
Dungeon (5/15)              Sewer (visited)
 Temple: D:4-7

Altars:
Fedhas
Qazlal

Annotations:
D:5 Pikel


Innate Abilities, Weirdness & Mutations

Your spellcasting is much less encumbered by armour.
You can use scrolls of enchantment on lesser artefacts.


Message History

y - a poisoned dart
y - 2 poisoned darts (gained 1)
y - 3 poisoned darts (gained 1)
y - 4 poisoned darts (gained 1)
A black bear comes into view.
The black bear growls angrily.
An adder comes into view.
An orc priest comes into view. It is wielding a +0 mace.
The orc priest shouts, "Beogh offers mercy even to people such as you.
Join us and be reborn!"
The orc priest shouts!
The orc priest shouts, "The Pantheon deserves no one's loyalty.
Let us show you the true path!" (press Y on the ability menu to convert to Beogh)
The orc priest shouts!
An orc comes into view. It is wielding a +0 morningstar.
The orc shouts!
The orc priest calls down the wrath of Beogh upon you.
Pain shoots through your body!
The orc priest hits you but does no damage.
The orc priest invokes the aid of Beogh against you.
Beogh smites you!
* * * LOW HITPOINT WARNING * * *
There is a stone staircase leading up here.
Okay, then.
The orc barely misses you. The orc priest closely misses you.
You climb upwards.
There is a stone staircase leading down here.
Unknown command.
You slash the orc priest!
The orc priest is severely wounded.
You slash the orc!
You kill the orc!
You block the orc priest's attack.
You barely miss the orc priest.
The orc priest is severely wounded.
You block the orc priest's attack.
You closely miss the orc priest.
The orc priest is severely wounded.
The orc priest hits you but does no damage.
You are electrocuted!!
You die...

).)...............##.....#
.....#.#..#.............## ##
..#..###.................##.#
.#.).##..........###........##
.#..###........# ##.##......#
....##........#####..###..#.##
.....#..#......#..#...#....##
..#.... ##.....$............#
.##.#.# #......@o..........#
.##.# ##................###
.##.#######..................###
.##.....##.....................#
..#..#.......#................##
.....###.#..###..............##
####..#####..##............###
.###...##..........#.<.....##
......###...ยง.......##......##


You could see an orc priest.

Vanquished Creatures
  Duvessa (D:5)
  An ogre (D:5)
  A bullfrog (D:4)
  2 brain worms (Sewer)
  A scorpion (D:5)
  Dowan (D:5)
  A bombardier beetle (D:4)
  2 orc priests
  A jelly (D:5)
  2 iguanas
  3 orc wizards (D:4)
  A sleepcap (D:4)
  8 adders
  2 river rats (Sewer)
  2 dart slugs
  23 orcs
  5 endoplasms
  6 giant cockroaches
  7 goblins
  12 hobgoblins
  6 jackals
  3 quokkas
  6 ball pythons
  5 bats
  9 frilled lizards
  11 kobolds
  9 rats
131 creatures vanquished.

Notes
Turn   | Place    | Note
-------+----------+-------------------------------------------
     0 | D:1      | catclaw the Mountain Dwarf Fighter began the quest for the
                  | Orb.
     0 | D:1      | Reached XP level 1. HP: 19/19 MP: 1/1
   119 | D:1      | Reached XP level 2. HP: 26/26 MP: 2/2
   246 | D:1      | Reached skill level 3 in Axes
   387 | D:2      | Found a blossoming altar of Fedhas.
   500 | D:2      | Found a faded altar of an unknown god.
   509 | D:2      | Reached XP level 3. HP: 31/31 MP: 3/3
  1060 | D:3      | Found a glowing drain.
  1074 | D:3      | Reached XP level 4. HP: 38/40 MP: 4/4
  1089 | Sewer    | Entered a sewer
  1191 | Sewer    | Reached skill level 4 in Axes
  1217 | Sewer    | Noticed a brain worm
  1233 | Sewer    | Killed a brain worm
  1234 | Sewer    | Reached XP level 5. HP: 22/46 MP: 2/5
  1324 | Sewer    | Reached skill level 5 in Axes
  1472 | D:3      | Reached XP level 6. HP: 51/53 MP: 6/6
  1791 | D:4      | Reached skill level 6 in Axes
  1853 | D:4      | Reached XP level 7. HP: 55/60 MP: 7/7
  1896 | D:4      | Found a stormy altar of Qazlal.
  1953 | D:5      | Entered Level 5 of the Dungeon
  1963 | D:4      | Reached skill level 5 in Fighting
  1963 | D:4      | Reached skill level 5 in Shields
  1977 | D:5      | Noticed Duvessa
  1977 | D:5      | Noticed Dowan
  2005 | D:5      | Noticed Pikel
  2054 | D:5      | Reached skill level 5 in Armour
  2217 | D:5      | Killed Duvessa
  2218 | D:5      | Reached skill level 7 in Axes
  2227 | D:5      | Killed Dowan
  2346 | D:4      | Mangled by an orc priest

Illustrated notes

Levels and vault maps discovered:
D:1:      roadster_arrival_rocket_small, layout_basic
D:2:      layout_basic, dreamdust_ecumenical_altar_grove, basic_altar
D:3:      layout_loops_cross, mainiacjoe_overflow_catwalk_spiral,
          portal_sewer_entry_b
D:4:      layout_cave_pools, nicolae_qazlal_scattered_showers
D:5:      corexii_shack_village, layout_rooms, mainiacjoe_overflow_boulevard,
          chequers_serial_rivers_micro_c, uniq_pikel, uniq_duvessa, uniq_ijyb

Skill      XL: |  1  2  3  4  5  6  7 |
---------------+----------------------+-----
Axes           | 3 4 5 6 7 |  7.4
Fighting       | 4 5 |  5.5
Armour         | 4 5 |  5.4
Shields        | 4 5 |  5.5

Action                     |  1- 3 |  4- 6 |  7- 9 || total
---------------------------+-------+-------+-------++-------
  Melee: War axe           |   123 |   190 |    81 ||   394
  Throw: Dart              |       |       |     4 ||     4
    Use: Scroll            |     1 |       |       ||     1
         Potion            |       |       |     1 ||     1
 Armour: Scale mail        |    83 |       |       ||    83
         Skin              |     1 |       |       ||     1
         Chain mail        |       |   173 |    55 ||   228
  Dodge: Dodged            |    67 |    65 |    19 ||   151
  Block: Buckler           |    44 |    53 |    28 ||   125
         Reflection        |       |       |     1 ||     1

Table legend: (Time is in decaauts)
 A = Elapsed time spent in this place.
 B = Non-inter-level travel time spent in this place.
 C = Inter-level travel time spent in this place.
 D = Time resting spent in this place.
 E = Time spent auto-exploring this place.
 F = Levels seen in this place.
 G = Mean time per level.
                   A        B        C        D        E       F      G
               +--------+--------+--------+--------+--------+-----+--------+
         Total |   2514 |   2015 |    499 |      0 |    538 |   6 |  419.0 |
       Dungeon |   2085 |   1586 |    499 |      0 |    530 |   5 |  417.0 |
         Sewer |    429 |    429 |      0 |      0 |      7 |   1 |  429.0 |
               +--------+--------+--------+--------+--------+-----+--------+

Top non-repeatable levels by time:
     D:4: 546 daAuts
     D:3: 466 daAuts
   Sewer: 429 daAuts
     D:1: 380 daAuts
     D:2: 378 daAuts
     D:5: 313 daAuts
